AoeStats
← AiM | Facu1414

MegaRandom

508572395Analyzed
4v4 RM · 8d ago on Sep 23, 2026· 28m 11s· 8 players
Game mode
Random Map
Map size
Large (8 player)
Population
200
Speed
Normal
Resources
Standard
Victory
Conquest
Starting age
Dark Age
Ending age
Imperial Age
RankedLock teamsTeams togetherTeam positionsShared explorationLock speedFull tech treeHidden civsTurbo modeCheats
Victory
Defeat
🇦🇷 Lithuanians · Argentina
1552
+12
🇦🇷 Britons · Argentina
1509
+13
🇨🇱 Persians · Chile
1392
+18
🇺🇸 Inca · United States
1352
+19
🇲🇽 Gurjaras · Mexico
1531
-19
🇦🇷 Danes · Argentina
1508
-18
🇨🇴 Tupi · Colombia
1409
-14
🇭🇳 Mongols · Honduras
1323
-11
AIM | Agua cate 98
2:06 Loom
10:21 Feudal Age
14:55 Fletching
15:20 Padded Archer Armor
18:40 Double-Bit Axe
19:56 Town Watch
22:19 Wheelbarrow
25:02 Castle Age
25:46 Gold Mining
25:39 Horse Collar
25:25 Crossbowman
26:20 Bodkin Arrow
AiM | TheBlackMamba
5:19 Loom
8:32 Feudal Age
8:59 Double-Bit Axe
15:35 Scale Barding Armor
22:58 Castle Age
20:51 Horse Collar
21:25 Bloodlines
21:51 Forging
22:18 Gold Mining
24:02 Chain Barding Armor
24:11 Bow Saw
AiM | Facu1414
7:12 Loom
8:58 Feudal Age
9:47 Double-Bit Axe
14:45 Forging
16:52 Scale Barding Armor
19:53 Bloodlines
23:34 Castle Age
22:55 Gold Mining
24:37 Chain Barding Armor
27:21 Husbandry
29:12 Iron Casting
AiM | _MrSuomi
6:28 Loom
6:45 Loom
10:02 Feudal Age
14:22 Fletching
27:03 Castle Age
25:21 Double-Bit Axe
25:52 Padded Archer Armor
26:05 Gold Mining
27:39 Bodkin Arrow
27:10 Crossbowman
27:53 Horse Collar
jAvi
7:07 Loom
9:37 Feudal Age
9:44 Man-at-Arms
11:26 Arson
16:55 Scale Mail Armor
19:09 Double-Bit Axe
22:50 Castle Age
23:59 Bow Saw
23:31 Horse Collar
24:03 Gambesons
23:57 Long Swordsman
24:54 Chain Mail Armor
24:47 Squires
24:52 Pikeman
Francisco Morazán
5:39 Loom
9:48 Feudal Age
11:57 Double-Bit Axe
15:00 Scale Barding Armor
22:27 Bloodlines
22:16 Horse Collar
27:22 Castle Age
26:11 Fletching
26:22 Padded Archer Armor
Wazded
3:04 Loom
9:30 Feudal Age
10:51 Double-Bit Axe
11:27 Horse Collar
16:23 Bloodlines
19:31 Town Watch
27:34 Castle Age
25:56 Fletching
Viva Cristo
5:39 Loom
8:46 Feudal Age
13:19 Fletching
15:42 Double-Bit Axe
17:30 Padded Archer Armor
29:01 Castle Age
Connection lost

Rejoining the realm…

Still unreachable

The connection could not be restored.

Session expired

The server has moved on; the page needs a fresh start.